 Dungeon Crawl Stone Soup version 0.30-a0-568-g124715a40b (webtiles) character file.

Game seed: 4627426516401620833

579162 greasedhog the Invulnerable (level 25, -32/274 HPs)
             Began as an Armataur Fighter on Dec 28, 2022.
             Was the Champion of Okawaru.
             Killed from afar by an orb of fire (120 damage)
             ... with a bolt of fire
             ... on level 5 of the Realm of Zot.
             The game lasted 02:14:18 (72888 turns).

greasedhog the Invulnerable (Armataur Fighter)     Turns: 72888, Time: 02:14:19

Health: -32/274    AC: 72    Str: 31 (32) XL:     25   Next: 88%
Magic:  41/41      EV:  6    Int: 16      God:    Okawaru [******]
Gold:   4835       SH: 33    Dex:  9      Spells: 24/24 levels left

rFire   x . .      SeeInvis .    a - +9 demon whip (elec)
rCold   + + +      Faith    .    c - +7 tower shield
rNeg    + + +      Spirit   .    V - +21 crystal plate armour "Put-Me-On" {Rampage rC+ rN+ Int+2}
rPois   +          Reflect  +    I - +2 helmet of Liberty {rN++ Int+3}
rElec   +          Harm     .    S - +2 cloak {Will+}
rCorr   +          Roll     +    T - +2 pair of gloves "Penioq" {Str+4 Dex-5 Slay+6}
Will    ++...      Rage     3%   q - +3 barding of Yrchas {rPois Int+3} Stlth
                                 b - amulet of reflection
HPRegen 0.65/turn                n - ring "Eqosumno" {Fire rCorr}
MPRegen 0.27/turn                U - ring of Mapaod {rElec rC+++ MP+9 Str-2}

@: studying 2 skills, unable to drink
A: large, rugged brown scales 3, deformed body, armoured tail, roll, long
tongue, awkward tongue, berserk 1, deterioration 1, screaming 1, heat
vulnerability 2, inability to drink after injury 2
}: 3/15 runes: serpentine, barnacled, silver
a: Renounce Religion, Heroism, Finesse, Duel


You were on level 5 of the Realm of Zot.
You worshipped Okawaru.
Okawaru was exalted by your worship.
You visited 10 branches of the dungeon, and saw 48 of its levels.
You also visited: Ice Cave.

You collected 9313 gold pieces.
You spent 4478 gold pieces at shops.

Inventory:

Hand Weapons
 a - a +9 demon whip of electrocution (weapon)
Missiles
 C - 3 throwing nets
 N - 6 silver javelins (quivered)
Armour
 c - a +7 tower shield (worn)
 q - the +3 barding of Yrchas (worn) {rPois Int+3}
   (Okawaru gifted it to you on level 1 of the Orcish Mines)

   Int:       It affects your intelligence (+3).
   rPois:     It protects you from poison.
 I - the +2 helmet of Liberty (worn) {rN++ Int+3}
   (Okawaru gifted it to you on level 4 of the Depths)

   Int:       It affects your intelligence (+3).
   rN:        It greatly protects you from negative energy.
 S - a +2 cloak of willpower (worn)
 T - the +2 pair of gloves "Penioq" (worn) {Str+4 Dex-5 Slay+6}
   (You found it on level 4 of the Lair of Beasts)

   Str:       It affects your strength (+4).
   Dex:       It affects your dexterity (-5).
   Slay:      It affects your accuracy & damage with ranged weapons and melee
   (+6).
 V - the +21 crystal plate armour "Put-Me-On" (worn) {Rampage rC+ rN+ Int+2}
   (You bought it in a shop on level 2 of the Vaults)

   Int:       It affects your intelligence (+2).
   rC:        It protects you from cold.
   rN:        It protects you from negative energy.
   Rampage:   It bestows one free step when moving towards enemies.
Jewellery
 b - an amulet of reflection (around neck)
 d - a ring of see invisible
 f - a ring of magical power
 n - the ring "Eqosumno" (left hand) {Fire rCorr}
   (You took it off an ironbound convoker on level 3 of the Vaults)

   [ring of fire]

   It enhances your fire magic.
   rF:        It protects you from fire.
   rC:        It makes you vulnerable to cold.
   rCorr:     It protects you from acid and corrosion.
 F - the ring of Liatsoaq {rF+ Will+}
   (You found it on level 3 of the Depths)

   [ring of willpower]

   rF:        It protects you from fire.
   Will:      It increases your willpower.
 O - an amulet of regeneration
 U - the ring of Mapaod (right hand) {rElec rC+++ MP+9 Str-2}
   (You found it on level 5 of the Lair of Beasts)

   [ring of magical power]

   Str:       It affects your strength (-2).
   rC:        It renders you almost immune to cold.
   rElec:     It insulates you from electricity.
   MP:        It affects your magic capacity (+9).
Wands
 s - a wand of roots (29)
 v - a wand of polymorph (39)
 E - a wand of digging (21)
 K - a wand of flame (120)
 M - a wand of acid (10)
 Y - a wand of mindburst (14)
Scrolls
 g - a scroll of poison
 i - 23 scrolls of teleportation
 l - 5 scrolls of blinking
 m - 7 scrolls of fear
 y - 12 scrolls of fog
 z - 4 scrolls of silence
 D - 3 scrolls of brand weapon
 G - 11 scrolls of immolation
 R - a scroll of magic mapping
Potions
 e - 6 potions of cancellation
 j - 11 potions of heal wounds
 k - a potion of invisibility
 o - 5 potions of magic
 p - 4 potions of ambrosia
 r - 3 potions of flight
 t - 12 potions of mutation
 u - 5 potions of berserk rage
 w - 9 potions of lignification
 A - 23 potions of curing
 B - 4 potions of resistance
 H - 13 potions of brilliance
 J - 2 potions of might
 P - 6 potions of haste
Miscellaneous
 L - a condenser vane
 Z - a lightning rod (4/4)


   Skills:
 O Level 27 Fighting
 - Level 12.0 Maces & Flails
 O Level 27 Armour
 * Level 11.7 Dodging
 * Level 21.9 Shields
 - Level 16.9 Unarmed Combat
 - Level 12.5 Invocations


You had 24 spell levels left.
You didn't know any spells.
Your spell library contained the following spells:

 Spells                   Type           Power      Damage    Failure   Level
 Apportation              Tloc           0%         N/A       88%         1
 Magic Dart               Conj           0%         1d3       88%         1
 Necrotise                Necr           0%         1d4       88%         1
 Shock                    Conj/Air       0%         1d3       88%         1
 Cigotuvi's Dreadful Rot  Necr/Pois/Air  0%         N/A       96%         2
 Poisonous Vapours        Pois/Air       0%         N/A       96%         2
 Searing Ray              Conj           0%         2d4       96%         2
 Static Discharge         Conj/Air       0%         2-2/arc   96%         2
 Sublimation of Blood     Necr           0%         N/A       96%         2
 Wereblood                Tmut           0%         N/A       96%         2
 Gell's Gravitas          Tloc           0%         N/A       99%         3
 Ignite Poison            Fire/Tmut/Pois 0%         N/A       99%         3
 Kindle Blastsparks       Fire/Tloc/Air  0%         2d10      99%         3
 Lesser Beckoning         Tloc           0%         N/A       99%         3
 Mephitic Cloud           Conj/Pois/Air  0%         N/A       99%         3
 Ozocubu's Armour         Ice            0%         N/A       99%         3
 Stone Arrow              Conj/Erth      0%         3d7       99%         3
 Teleport Other           Tloc           0%         N/A       99%         3
 Vhi's Electric Charge    Tloc/Air       0%         N/A       99%         3
 Airstrike                Air            0%         2d(0-16)  100%        4
 Dispel Undead            Necr           0%         3d6       100%        4
 Fulminant Prism          Conj/Hex       0%         3d5       100%        4
 Ice Form                 Ice/Tmut       0%         N/A       100%        4
 Iskenderun's Mystic Bla  Conj/Tloc      0%         2d3       100%        4
 Olgreb's Toxic Radiance  Pois           0%         N/A       100%        4
 Petrify                  Tmut/Erth      0%         N/A       100%        4
 Sticky Flame             Conj/Fire      0%         2d3       100%        4
 Agony                    Necr           0%         N/A       100%        5
 Alistair's Intoxication  Tmut/Pois      0%         N/A       100%        5
 Arcjolt                  Conj/Air       0%         1d10      100%        5
 Blade Hands              Tmut           0%         N/A       100%        5
 Borgnjor's Vile Clutch   Necr/Erth      0%         N/A       100%        5
 Irradiate                Conj/Tmut      0%         3d11      100%        5
 Iskenderun's Battlesphe  Conj           0%         2d6       100%        5
 Lee's Rapid Deconstruct  Erth           0%         3d4*      100%        5
 Lightning Bolt           Conj/Air       0%         1d11      100%        5
 Metabolic Englaciation   Hex/Ice        0%         N/A       100%        5
 Conjure Ball Lightning   Conj/Air       0%         3x3d6     100%        6
 Eringya's Noxious Bog    Tmut/Pois      0%         N/A       100%        6
 Iron Shot                Conj/Erth      0%         9d1       100%        6
 Starburst                Conj/Fire      0%         6d3       100%        6
 Statue Form              Tmut/Erth      0%         N/A       100%        6
 Ozocubu's Refrigeration  Ice            0%         4d7       100%        7
 Ignition                 Fire           0%         3d3       100%        8
 Lehudib's Crystal Spear  Conj/Erth      0%         10d2      100%        8
 Chain Lightning          Conj/Air       0%         N/A       100%        9
 Polar Vortex             Ice            0%         N/A       100%        9
 Summon Small Mammal      Summ           Unusable   N/A       N/A         1
 Animate Armour           Summ/Erth      Unusable   N/A       N/A         4
 Animate Dead             Necr           Unusable   N/A       N/A         4
 Summon Lightning Spire   Summ/Air       Unusable   N/A       N/A         4
 Death Channel            Necr           Unusable   N/A       N/A         6
 Simulacrum               Ice/Necr       Unusable   N/A       N/A         6
 Spellforged Servitor     Conj/Summ      Unusable   N/A       N/A         7

Dungeon Overview and Level Annotations

Branches:
Dungeon (15/15)            Temple (1/1) D:6            Lair (5/5) D:9
 Shoals (4/4) Lair:3        Snake (4/4) Lair:2        Slime (0/5) Lair:4
    Orc (2/2) D:12            Elf (3/3) Orc:2        Vaults (5/5) D:14
  Crypt (0/3) Vaults:3     Depths (4/4) D:15            Zot (5/5) Depths:4
  IceCv (visited)

Altars:
Ashenzari
Cheibriados
Dithmenos
Elyvilon
Fedhas
Hepliaklqana
Kikubaaqudgha
Makhleb
Nemelex Xobeh
Okawaru
Qazlal
Ru
Sif Muna
Trog
Uskayaw
Vehumet
Wu Jian
Xom
Yredelemnul
Zin
The Shining One
Jiyva

Shops:
D:5 (   D:6 *   D:9 *   D:13 (   Orc:1 *   Orc:2 [(*!:   Elf:1 =::   Elf:3 [
Shoals:1 (   Shoals:4 [   Snake:2 (   Vaults:1 :   Vaults:2 [[!
Depths:1 :!![*

Portals:
Hell: Depths:1 Depths:2 Depths:3 Depths:4
Abyss: Depths:1 Depths:3
Pandemonium: Depths:2
Ziggurat: Depths:2
Trove: D:10 (give 2 scrolls of acquirement)

Annotations:
D:7 exclusion: oklob plant
Temple 2 transporters
Zot:4 1 transporter


Innate Abilities, Weirdness & Mutations

You are completely covered in rugged brown scales. (AC +3, +7% HP)
Armour fits poorly on your strangely shaped body.
You have a long armoured tail.
You roll when moving toward enemies. (Rampage)
Your long tongue fully drains potion bottles. (2x potion effects)
Your tongue gives you trouble enunciating. (1.5x scroll delay)
You sometimes lose your temper in combat.
Your body sometimes deteriorates upon taking damage.
You occasionally shout uncontrollably at your foes.
You are very vulnerable to heat. (rF--)
You sometimes lose the ability to drink potions when taking damage.


Message History

The electric golem hurls lightning at you.
The bolt of lightning hits you. You resist.
The orb of fire glows deep purple.
Strange energies course through your body.
You lose the ability to drink potions when taking damage more often.
The electric golem hits you but does no damage.
You block the electric golem's attack. x3
The electric golem hits you but does no damage.
The electric golem barely misses you.
The electric golem hits you but does no damage.
The electric golem closely misses you.
The orb of fire emits a lurid red light.
The bolt of fire hits you!! The fire burns you terribly!
You feel threatened and lose the ability to drink potions!
You hear a shout!
Throw: 7 javelins (silver)
Press: ? - help, Q - select action, (/) - cycle Shift-Dir - straight line, f/p - orb of fire
Aim: an orb of fire (50% to hit, chaotic)
You throw a silver javelin.
The silver javelin closely misses the orb of fire.
The silver javelin pierces through the Orb Guardian.
The Orb Guardian is severely wounded.
The electric golem hurls lightning at you.
The bolt of lightning hits you but does no damage.
The orb of fire emits a lurid red light.
The bolt of fire hits you!!! The fire burns you terribly!
The electric golem crackles and sizzles.
The electric golem hits you but does no damage.
You block the electric golem's attack. x3
You hear a roar! x2
The orb of fire glows bright magenta.
The fireball explodes!
The fireball engulfs you!!! The fire burns you terribly!
You see here the +4 morningstar of Lies {freeze, Str+4}.
The electric golem blinks!
The orb of fire glows deep purple.
Strange energies course through your body.
You feel the urge to shout.
The orb of fire glows deep purple.
The bolt of fire hits you!!!! The fire burns you terribly!
You die...

*...............# **,,,,,,,,,,
*#.............#* **,,,,,,,,,^,
#.............# **,,^,,,,,,,,,
##........^^.## *,,,,,,,,,,,,,
#...........# #.....^....,,^
##...........## #....^.....,,,
#.............# #...^......,,,
*#.............## #..........,,,
**.....^........@##*..........,,,
*,..###########...###.........,,,
,,.#* ##..)*##........,,, ,***
###^†X§.......^,,, **
#▓▓▓▓▓▓▓▓▓▓▓#*,, *
****^,,,,,,,,,, ***
***,,^,,,,,,,,,,, ,,**
**,,,,,,,,,,,,,,,, ,,,* *********
*,,,,,^,,,,,,,,,,,


You could see an orb of fire and an Orb Guardian.

Vanquished Creatures
  A dread lich (Zot:5)
  Mara (Snake:3)
  3 ancient liches
  2 Killer Klowns
  14 golden dragons
  4 curse toes
  Nikola (Arena)
  Jory (Depths:4)
  The ghost of Zonian the Basher, an adept VSBr of Ashenzari (Elf:3)
  3 liches (Depths:3)
  6 Orb Guardians (Zot:5)
  Mlioglotl (Shoals:1)
  20 tentacled monstrosities
  A walking divine tome (Arena)
  2 deep elf blademasters
  2 deep elf master archers (Elf:3)
  9 quicksilver dragons
  5 titans
  11 death cobs
  6 sphinxes
  Kirke (Elf:1)
  The ghost of Pooter the Severer, an adept MiBe of Trog (Elf:1)
  Gastronok (D:8)
  14 draconian monks
  7 shadow dragons
  15 storm dragons
  9 fire giants
  8 tengu reavers
  7 nagarajas
  2 azure jellies (Elf:1)
  Ilsuiw (Shoals:2)
  7 frost giants
  An iron dragon (Vaults:5)
  2 rockslimes (Elf:1)
  4 draconian scorchers
  4 ghost moths
  7 draconian knights
  20 vault wardens
  Aizul (Snake:3)
  11 deep elf sorcerers
  A ghost moth (shapeshifter) (Depths:2)
  3 draconian stormcallers
  5 draconian shifters
  6 draconian annihilators
  3 orc warlords
  A caustic shrike skeleton (Depths:3)
  19 stone giants
  A quicksilver ooze (Elf:1)
  4 deep elf elementalists (Elf:3)
  21 ironbound preservers
  20 very ugly things
  8 ironbound thunderhulks
  3 war gargoyles
  2 vampire knights
  14 black draconians
  6 deep elf demonologists
  13 deep elf annihilators
  2 eleionomae (Shoals:2)
  10 green draconians
  Azrael (Arena)
  12 white draconians
  4 yellow draconians
  7 dire elephants
  15 purple draconians
  12 red draconians
  2 blizzard demons (IceCv)
  A crystal guardian (Vaults:1)
  3 merfolk javelineers (Shoals:4)
  7 fire dragons
  6 deep elf death magi
  3 entropy weavers
  8 great orbs of eyes
  6 merfolk impalers
  17 ettins
  11 deep elf high priests (Elf:3)
  2 rakshasas
  2 peacekeepers
  2 salamander tyrants
  9 ice dragons
  35 vault guards
  3 hydras
  13 yaktaur captains
  A caustic shrike simulacrum (IceCv)
  A jorogumo (shapeshifter) (Depths:2)
  30 centaur warriors
  2 spriggan air magi
  2 merfolk aquamancers (Shoals:4)
  14 ironbound frosthearts
  2 ogre magi
  A radroach (shapeshifter) (Depths:3)
  A two-headed ogre (shapeshifter) (Depths:2)
  6 boulder beetles
  8 two-headed ogres
  4 catoblepae
  4 merfolk avatars
  5 anacondas
  33 dancing weapons
  Erica (D:9)
  8 deep troll earth magi
  9 tengu warriors
  6 deep troll shamans
  11 hell hogs (Depths:4)
  13 naga warriors
  15 death yaks
  2 alligators (D:11)
  6 satyrs
  6 shock serpents
  Urug (D:13)
  10 naga sharpshooters
  3 orc high priests (Orc:2)
  13 deep elf knights
  8 spriggan berserkers (Depths:3)
  2 spriggans (Depths:3)
  A fire crab (Lair:2)
  3 hell knights
  A titan skeleton (Depths:3)
  3 salamander mystics
  4 skeletal warriors (D:14)
  5 iron trolls
  A golden dragon zombie (Depths:3)
  2 steelbarb worms (shapeshifter)
  3 death drakes
  22 sea snakes
  A sea snake (shapeshifter) (Vaults:2)
  3 glowing orange brains
  An obsidian statue (IceCv)
  45 deep trolls
  6 phantasmal warriors
  10 deep elf archers
  7 lindwurms
  5 flayed ghosts
  7 naga ritualists
  7 wizards
  19 ironbound convokers
  Pikel (D:7)
  18 orc knights
  6 spriggan simulacra (IceCv)
  An orange crystal statue (Vaults:3)
  35 harpies
  2 necromancers
  32 deep elf zephyrmancers
  A harpy (shapeshifter) (Vaults:5)
  9 mana vipers
  32 deep elf pyromancers
  An oklob plant (Depths:3)
  35 ugly things
  7 orc sorcerers
  An iron dragon zombie (Depths:3)
  22 manticores
  13 salamanders
  28 fauns
  16 cyclopes
  7 naga magi
  3 elephants (Lair:5)
  An eye of devastation (Lair:4)
  16 merfolk sirens
  The ghost of PyroL the Trooper, a novice DrWr (D:5)
  43 black mambas
  5 guardian serpents (Snake:4)
  16 moths of wrath
  6 water nymphs
  33 vault sentinels
  Joseph (D:8)
  A storm dragon simulacrum (Depths:3)
  11 cane toads
  8 unseen horrors
  Maggie (D:8)
  3 rime drakes
  2 golden dragon simulacra (IceCv)
  An anaconda simulacrum (IceCv)
  An efreet (D:13)
  12 komodo dragons
  6 freezing wraiths
  A yaktaur (shapeshifter) (Depths:2)
  17 yaktaurs
  14 ice devils (IceCv)
  A tengu conjurer (Depths:4)
  5 trolls
  3 hornets
  25 merfolk
  8 snapping turtles
  5 wind drakes
  A polar bear (Lair:4)
  30 slime creatures
  10 blink frogs
  2 slime creatures (shapeshifter)
  10 dream sheep
  A jumping spider (Vaults:1)
  A vampire (D:12)
  4 air elementals
  Sigmund (D:6)
  9 water elementals
  A shadow (D:13)
  7 fire elementals
  6 wyverns
  A spriggan (shapeshifter) (D:14)
  A wyvern (shapeshifter) (Vaults:4)
  Eustachio (D:4)
  A hog (shapeshifter) (D:14)
  79 yaks
  5 wraiths
  6 basilisks
  A basilisk (shapeshifter) (D:14)
  6 humans
  Grum (D:8)
  A dire elephant simulacrum (IceCv)
  2 vampire mosquitoes (D:12)
  A steam dragon (shapeshifter) (Vaults:4)
  A steam dragon (Lair:2)
  7 wargs
  41 nagas
  A harpy simulacrum (IceCv)
  9 minotaur simulacra (IceCv)
  5 acid dragons
  3 hell hounds
  20 water moccasins
  A hydra simulacrum (IceCv)
  2 floating eyes
  39 orc warriors
  2 swamp drakes (Depths:3)
  5 black bears
  2 sky beasts
  3 ettin simulacra (IceCv)
  4 ice beasts
  17 ogres
  12 centaurs
  14 wolves
  3 boggarts (Vaults:4)
  A lemure (D:8)
  2 kobold brigands
  7 earth elementals
  9 bullfrogs
  A gnoll sergeant (D:5)
  A scorpion (D:4)
  7 deep troll simulacra (IceCv)
  8 wights (D:9)
  A lindwurm simulacrum (IceCv)
  4 vampire bats (D:11)
  3 electric eels
  6 howler monkeys
  9 hounds
  21 orc priests
  Ijyb (D:3)
  18 orc wizards
  8 hell rats
  7 iguanas
  4 bullfrog simulacra (D:5)
  A centaur simulacrum (D:5)
  A scorpion simulacrum (D:5)
  3 gnolls (D:5)
  15 adders
  7 river rats (Lair:4)
  2 shadow imps
  5 white imps
  A howler monkey simulacrum (D:5)
  3 ufetubi
  3 dart slugs
  81 orcs
  13 ball pythons
  12 endoplasms
  2 giant cockroaches
  10 goblins
  A hobgoblin (shapeshifter) (Depths:2)
  10 hobgoblins
  14 jackals
  7 quokkas
  3 training dummies (D:13)
  11 bats
  11 frilled lizards
  A jackal zombie (D:10)
  11 kobolds
  9 rats
  A bush (D:5)
2177 creatures vanquished.

Vanquished Creatures (others)
  A dread lich (Vaults:3)
  A white draconian (Depths:4)
  A deep elf high priest (Elf:3)
  An ogre mage (Vaults:5)
  2 deep elf knights (Elf:2)
  A deep elf pyromancer (Elf:1)
  A water elemental (Elf:2)
  2 nagas
  An ogre (Vaults:5)
  2 orc priests (Orc:2)
  2 orc wizards
  An orc (Vaults:5)
  A fire vortex (Depths:1)
  17 fungi
  80 plants
  2 starspawn tentacles (Shoals:1)
  7 toadstools (D:7)
123 creatures vanquished.

Grand Total: 2300 creatures vanquished

Notes
Turn   | Place    | Note
-------+----------+-------------------------------------------
     0 | D:1      | greasedhog the Armataur Fighter began the quest for the
                  | Orb.
     0 | D:1      | Reached XP level 1. HP: 19/19 MP: 1/1
   225 | D:1      | Reached XP level 2. HP: 27/27 MP: 2/2
   453 | D:1      | Reached XP level 3. HP: 32/33 MP: 3/3
  1590 | D:2      | Reached XP level 4. HP: 42/42 MP: 4/4
  1969 | D:3      | Noticed Ijyb
  1975 | D:3      | Killed Ijyb
  2180 | D:3      | Found a broken altar of Ashenzari.
  2696 | D:4      | Reached XP level 5. HP: 49/49 MP: 5/5
  2915 | D:4      | Found a sacrificial altar of Ru.
  3063 | D:4      | Reached XP level 6. HP: 29/56 MP: 6/6
  3183 | D:4      | Reached skill level 5 in Fighting
  3360 | D:4      | Found a bloodstained altar of Trog.
  3397 | D:4      | Noticed Eustachio
  3437 | D:4      | Killed Eustachio
  3438 | D:4      | Reached skill level 5 in Maces & Flails
  3438 | D:4      | Reached XP level 7. HP: 12/65 MP: 7/7
  3728 | D:5      | Entered Level 5 of the Dungeon
  3830 | D:5      | Reached skill level 5 in Armour
  4147 | D:5      | Reached XP level 8. HP: 48/72 MP: 8/8
  4225 | D:5      | Found a runed translucent gate.
  4297 | D:5      | Found Icluzubi's Antique Weapon Shoppe.
  4361 | D:5      | Found a runed translucent gate.
  4362 | D:5      | Found a runed translucent gate.
  4553 | D:5      | Noticed PyroL's ghost (novice DrWr)
  5022 | D:6      | Found Baki's Serpentskin Sales.
  5030 | D:6      | Bought a scroll of poison for 44 gold pieces
  5366 | D:6      | Reached XP level 9. HP: 73/79 MP: 9/9
  5423 | D:6      | Found a staircase to the Ecumenical Temple.
  5423 | D:6      | Noticed Sigmund
  5430 | D:6      | Killed Sigmund
  5437 | Temple   | Entered the Ecumenical Temple
  5437 | Temple   | Found a transporter.
  5437 | Temple   | Found a transporter.
  5439 | Temple   | Found a transporter.
  5439 | Temple   | Found a transporter.
  5457 | Temple   | Became a worshipper of Warmaster Okawaru
  6019 | D:7      | Found a blossoming altar of Fedhas.
  6038 | D:7      | Noticed an oklob plant
  6299 | D:7      | Found a shimmering blue altar of Sif Muna.
  6497 | D:7      | Reached skill level 10 in Armour
  6631 | D:7      | Reached * piety under Okawaru
  6961 | D:8      | Noticed Gastronok
  6964 | D:8      | Noticed Pikel
  6985 | D:7      | Reached skill level 1 in Invocations
  7244 | D:7      | Killed Pikel
  7283 | D:8      | Killed Gastronok
  7283 | D:8      | Reached ** piety under Okawaru
  7284 | D:8      | Reached XP level 10. HP: 78/86 MP: 10/13
  7374 | D:8      | Reached skill level 10 in Maces & Flails
  7503 | D:8      | Reached skill level 5 in Invocations
  7521 | D:8      | You fall into a shaft and drop 1 floor!
  7626 | D:9      | Noticed Erica
  7639 | D:9      | Killed Erica
  7650 | D:9      | Reached *** piety under Okawaru
  7796 | D:8      | Found an ornate altar of the Wu Jian Council.
  7799 | D:8      | Noticed Maggie
  7842 | D:8      | Killed Maggie
  7850 | D:8      | Noticed Grum
  7905 | D:8      | Killed Grum
  7956 | D:8      | Found a glowing silver altar of Zin.
  7959 | D:8      | Noticed Joseph
  7978 | D:8      | Killed Joseph
  8154 | D:8      | Found a hazy altar of Hepliaklqana.
  8162 | D:8      | Found a stormy altar of Qazlal.
  8162 | D:8      | Found a snail-covered altar of Cheibriados.
  8163 | D:8      | Found a hide-covered altar of Uskayaw.
  8164 | D:8      | Found a glowing golden altar of the Shining One.
  8167 | D:8      | Found a burning altar of Makhleb.
  8546 | D:9      | Identified the +0 scale mail "Yhyqonn" {*Slow Fly rPois
                  | rF++}
  8646 | D:9      | Noticed a two-headed ogre
  8663 | D:9      | Killed a two-headed ogre
  8663 | D:9      | Reached **** piety under Okawaru
  8664 | D:9      | Reached skill level 5 in Shields
  8664 | D:9      | Reached XP level 11. HP: 75/92 MP: 16/16
  8852 | D:9      | Paralysed by a hornet for 2 turns
  9002 | D:9      | Found a staircase to the Lair.
  9022 | D:9      | Reached ***** piety under Okawaru
  9252 | D:9      | Found Esukhus's Assorted Antiques.
  9393 | D:10     | Entered Level 10 of the Dungeon
 10013 | D:10     | Found a radiant altar of Vehumet.
 10172 | D:10     | Found a runed translucent door.
 10272 | D:10     | Noticed a vault guard
 10285 | D:10     | Killed a vault guard
 10290 | D:10     | Found a portal to a secret trove of treasure.
 10347 | D:10     | Found a basalt altar of Yredelemnul.
 10724 | Lair:1   | Entered Level 1 of the Lair of Beasts
 11195 | Lair:1   | Found a dark tunnel.
 11709 | Lair:1   | Reached XP level 12. HP: 99/100 MP: 19/19
 12077 | Lair:2   | Reached skill level 10 in Invocations
 12362 | Lair:2   | Found a staircase to the Snake Pit.
 12475 | Lair:2   | Identified the +1 barding of Exuvel {Contam Str+2 Stlth+}
                  | (Okawaru gifted it to you on level 2 of the Lair of Beasts)
 12475 | Lair:2   | Received a gift from Okawaru
 12951 | Lair:3   | Reached ****** piety under Okawaru
 13262 | Lair:3   | Found a staircase to the Shoals.
 13323 | Lair:3   | Noticed a death yak
 13323 | Lair:3   | Noticed a death yak
 13323 | Lair:3   | Noticed a death yak
 13353 | Lair:2   | Killed a death yak
 13379 | Lair:3   | Killed a death yak
 13380 | Lair:3   | Reached skill level 10 in Shields
 13390 | Lair:3   | Killed a death yak
 13552 | Lair:3   | Noticed a boulder beetle
 13599 | Lair:3   | Killed a boulder beetle
 13954 | Lair:4   | Identified the +2 pair of gloves "Penioq" {Str+4 Dex-5
                  | Slay+6}
 13974 | Lair:4   | Found a staircase to the Slime Pits.
 13978 | Lair:4   | Found a viscous altar of Jiyva.
 13994 | Lair:4   | Paralysed by a floating eye for 3 turns
 14002 | Lair:4   | Identified the +0 plate armour "Wetoalyb" {Dex+6} (Okawaru
                  | gifted it to you on level 4 of the Lair of Beasts)
 14002 | Lair:4   | Received a gift from Okawaru
 14003 | Lair:4   | Reached XP level 13. HP: 50/112 MP: 21/21
 14765 | Lair:5   | Entered Level 5 of the Lair of Beasts
 15033 | Lair:5   | Reached skill level 1 in Unarmed Combat
 15442 | Lair:5   | Received a gift from Okawaru
 15813 | Lair:5   | Reached XP level 14. HP: 126/126 MP: 23/23
 15865 | Lair:5   | Reached skill level 5 in Unarmed Combat
 16097 | Lair:5   | Identified the ring of Mapaod {rElec rC+++ MP+9 Str-2}
 16151 | Lair:5   | Identified the +6 short sword "Lagesm" {venom, Dex+7}
 16692 | D:11     | Received a gift from Okawaru
 16818 | D:11     | Reached skill level 10 in Fighting
 17476 | D:12     | Found a staircase to the Orcish Mines.
 17984 | Orc:1    | Entered Level 1 of the Orcish Mines
 18023 | Orc:1    | Identified the +3 barding of Yrchas {rPois Int+3} (Okawaru
                  | gifted it to you on level 1 of the Orcish Mines)
 18023 | Orc:1    | Received a gift from Okawaru
 18059 | Orc:1    | Gained mutation: Your body sometimes deteriorates upon
                  | taking damage. [mutagenic glow]
 18471 | Orc:1    | You fall into a shaft and drop 1 floor!
 18471 | Orc:2    | Entered Level 2 of the Orcish Mines
 18477 | Orc:2    | Found Ohozimico's Antique Armour Emporium.
 18581 | Orc:2    | Found a staircase to the Elven Halls.
 18893 | Orc:2    | Noticed an orc warlord
 18930 | Orc:2    | Killed an orc warlord
 19424 | Orc:2    | Reached skill level 15 in Shields
 19430 | Orc:2    | Found Xorouf's Antique Weapon Boutique.
 19430 | Orc:2    | Found Kefick's Book Emporium.
 19538 | Orc:2    | Found Mumupp Eduts's Assorted Antiques.
 19538 | Orc:2    | Found Quhid's Distillery.
 19547 | Orc:2    | Bought a scroll labelled MUAMER WOYCA for 34 gold pieces
 19547 | Orc:2    | Bought a scroll of identify for 68 gold pieces
 19548 | Orc:2    | Bought a potion of lignification for 45 gold pieces
 19548 | Orc:2    | Bought a potion of brilliance for 60 gold pieces
 19630 | Orc:1    | Found Wehebiux's General Store.
 19634 | Orc:1    | Bought a scroll of identify for 28 gold pieces
 19634 | Orc:1    | Bought 2 potions of mutation for 224 gold pieces
 19937 | D:13     | Reached XP level 15. HP: 139/139 MP: 24/24
 20390 | D:13     | Noticed Urug
 20404 | D:13     | Killed Urug
 20713 | D:5      | Killed PyroL's ghost
 21086 | D:13     | Found Midiqogo's Firing Range.
 21391 | D:13     | Bought a throwing net for 42 gold pieces
 21449 | D:14     | Found a frozen archway.
 21460 | D:14     | Identified the +12 spear of Dominance {antimagic, rCorr}
                  | (Okawaru gifted it to you on level 14 of the Dungeon)
 21460 | D:14     | Received a gift from Okawaru
 21478 | IceCv    | Entered an ice cave
 22411 | IceCv    | Received a gift from Okawaru
 22843 | IceCv    | Got the Catalogue of Hoarfrost
 22861 | IceCv    | Identified the +8 spear of Sunlight {pain, rF+ rCorr Dex+4
                  | Stlth+}
 22937 | IceCv    | Upgraded the game from 0.30-a0-557-ge2afbf3030 to
                  | 0.30-a0-568-g124715a40b
 23414 | D:14     | Found a gate to the Vaults.
 23469 | D:14     | Identified the amulet "Galegh" {Faith Fragile rElec rF+
                  | Regen+}
 23902 | D:14     | Reached skill level 10 in Unarmed Combat
 24025 | D:15     | Entered Level 15 of the Dungeon
 24873 | D:15     | Received a gift from Okawaru
 25003 | D:15     | Found a staircase to the Depths.
 25622 | Snake:1  | Entered Level 1 of the Snake Pit
 25672 | Snake:1  | Reached XP level 16. HP: 153/153 MP: 25/25
 25886 | Snake:1  | Identified the +7 plate armour "Dofeseak" {+Inv Str-5 Dex+4
                  | SInv}
 26444 | Snake:2  | Found Anwokueng's Antique Weapon Boutique.
 26656 | Snake:2  | Identified the +7 arbalest "Niheamel" {flame, rF++ rN+
                  | Int-5}
 27013 | Snake:2  | Received a gift from Okawaru
 27674 | Snake:3  | Received a gift from Okawaru
 27944 | Snake:3  | Noticed Azrael
 27956 | Arena    | Entered the Arena
 27971 | Arena    | Killed Azrael
 28245 | Snake:3  | Noticed Aizul
 28270 | Snake:3  | Killed Aizul
 28279 | Snake:3  | Noticed Mara
 28305 | Snake:3  | Killed Mara
 28944 | Snake:4  | Entered Level 4 of the Snake Pit
 29078 | Snake:4  | Identified 2 scrolls of acquirement
 29079 | Snake:4  | Acquired a manual of Fighting
 29081 | Snake:4  | Acquired a manual of Armour
 29527 | Snake:4  | Received a gift from Okawaru
 29867 | Snake:4  | Reached XP level 17. HP: 163/164 MP: 26/26
 30117 | Snake:3  | Reached skill level 15 in Fighting
 30765 | Snake:4  | Received a gift from Okawaru
 30783 | Snake:4  | Identified the +2 ring mail of the Dragon {Drain rElec
                  | rPois}
 31783 | Snake:4  | Got a serpentine rune of Zot
 31807 | Snake:4  | Identified the +2 ring mail of the Swamp {Will+ Dex+2}
                  | (Okawaru gifted it to you on level 4 of the Snake Pit)
 31807 | Snake:4  | Received a gift from Okawaru
 32185 | Shoals:1 | Entered Level 1 of the Shoals
 32286 | Shoals:1 | Reached skill level 15 in Armour
 32484 | Shoals:1 | Noticed Mlioglotl
 32507 | Shoals:1 | Killed Mlioglotl
 32691 | Shoals:1 | Found Puecutwu's Weapon Boutique.
 34045 | Shoals:2 | Identified the +1 chain mail of Lies {rF++ Will-} (Okawaru
                  | gifted it to you on level 2 of the Shoals)
 34045 | Shoals:2 | Received a gift from Okawaru
 34061 | Shoals:2 | Reached XP level 18. HP: 60/180 MP: 27/27
 34468 | Shoals:2 | Noticed Ilsuiw
 34528 | Shoals:2 | Killed Ilsuiw
 36413 | Shoals:4 | Entered Level 4 of the Shoals
 36474 | Shoals:4 | Found Woem's Armour Shoppe.
 36899 | Shoals:4 | Noticed Nikola
 36903 | Arena    | Entered the Arena
 36918 | Arena    | Killed Nikola
 37012 | Shoals:4 | Got a barnacled rune of Zot
 37304 | Shoals:4 | Identified the +0 pair of gloves "Efesi" {-Cast +Inv Str-4
                  | SInv} (Okawaru gifted it to you on level 4 of the Shoals)
 37304 | Shoals:4 | Received a gift from Okawaru
 38421 | Vaults:1 | Entered Level 1 of the Vaults
 38913 | Vaults:1 | Reached XP level 19. HP: 190/191 MP: 28/28
 39000 | Vaults:1 | Identified the +3 double sword of Kuizyad {pain, rElec
                  | Dex+3} (Okawaru gifted it to you on level 1 of the Vaults)
 39000 | Vaults:1 | Received a gift from Okawaru
 39805 | Vaults:1 | Paralysed by a great orb of eyes for 4 turns
 40457 | Vaults:1 | Found Guebru's Book Shoppe.
 40968 | Vaults:2 | Identified the +3 barding of the Eternal Fruit {*Corrode
                  | rC+++ Str+5} (Okawaru gifted it to you on level 2 of the
                  | Vaults)
 40968 | Vaults:2 | Received a gift from Okawaru
 42179 | Vaults:2 | Received a gift from Okawaru
 42593 | Vaults:2 | You fall into a shaft and drop 2 floors!
 42747 | Vaults:4 | Reached XP level 20. HP: 150/206 MP: 29/29
 43296 | Arena    | Entered the Arena
 43340 | Arena    | Entered the Arena
 43634 | Vaults:2 | Found Zaasm's Antique Armour Emporium.
 43644 | Vaults:2 | Found Hexzal's Distillery.
 43651 | Vaults:2 | Bought a potion of berserk rage for 95 gold pieces
 43651 | Vaults:2 | Bought a potion of berserk rage for 95 gold pieces
 43651 | Vaults:2 | Bought a potion of curing for 57 gold pieces
 43651 | Vaults:2 | Bought a potion of cancellation for 152 gold pieces
 43651 | Vaults:2 | Bought a potion of curing for 57 gold pieces
 43651 | Vaults:2 | Bought a potion of curing for 57 gold pieces
 43651 | Vaults:2 | Bought a potion of haste for 190 gold pieces
 43919 | Vaults:2 | Found Ecerch's Antique Armour Shop.
 43968 | Vaults:2 | Identified the +0 pair of gloves "Ocibowy" {rC+ Str+7}
 44879 | Arena    | Entered the Arena
 44943 | Vaults:3 | Identified the ring "Eqosumno" {Fire rCorr}
 45067 | Vaults:3 | Noticed a dread lich
 45091 | Vaults:3 | Paralysed by a dread lich for 2 turns
 45093 | Vaults:3 | Killed a dread lich
 45162 | Vaults:3 | Received a gift from Okawaru
 45221 | Vaults:3 | Found a basalt altar of Yredelemnul.
 45223 | Vaults:3 | Found a staircase to the Crypt.
 45224 | Vaults:3 | Found an ancient bone altar of Kikubaaqudgha.
 46801 | Vaults:4 | Identified the +5 ring mail "Ulukk" {rF+ Str+4} (Okawaru
                  | gifted it to you on level 4 of the Vaults)
 46801 | Vaults:4 | Received a gift from Okawaru
 47632 | Depths:1 | Entered Level 1 of the Depths
 47669 | Depths:1 | Reached XP level 21. HP: 215/219 MP: 30/30
 47876 | Depths:1 | Found Xatuuhyz's Armour Emporium.
 47876 | Depths:1 | Found Beclaam's Book Shoppe.
 47877 | Depths:1 | Found Doxaes's Distillery.
 47878 | Depths:1 | Found Cymaigg's Distillery.
 48001 | Depths:1 | Found a one-way gate to the infinite horrors of the Abyss.
 48572 | Depths:1 | Found a glowing golden altar of the Shining One.
 48771 | Depths:1 | Found Big Baal Hell's Store.
 48813 | Depths:1 | Found a gateway to Hell.
 49042 | Arena    | Entered the Arena
 49486 | Depths:2 | Found a white marble altar of Elyvilon.
 49880 | Depths:2 | Identified the +7 dagger "Qidiabli" {distort, rF+ rC-
                  | Str+2} (Okawaru gifted it to you on level 2 of the Depths)
 49880 | Depths:2 | Received a gift from Okawaru
 49932 | Arena    | Entered the Arena
 50414 | Depths:2 | Found a one-way gate leading to the halls of Pandemonium.
 50454 | Depths:2 | Found a one-way gateway to a ziggurat.
 50608 | Depths:2 | Noticed a golden dragon
 50619 | Depths:2 | Killed a golden dragon
 50623 | Depths:2 | Identified the +7 mace of Impermanence {freeze, Contam MP+9
                  | Dex+8 SInv}
 50923 | Depths:3 | Received a gift from Okawaru
 51815 | Depths:3 | Reached XP level 22. HP: 213/232 MP: 31/31
 51999 | Depths:3 | Noticed a golden dragon
 52000 | Depths:3 | Identified the ring "Egron" {Fly Str+2}
 52038 | Depths:3 | Killed a golden dragon
 52208 | Depths:3 | Identified the +2 pair of boots of the Okapi {rN+ rCorr
                  | Str+3}
 52237 | Depths:3 | Identified the +0 scale mail of the Invisible Hand {rC- rN+
                  | Dex+4}
 52243 | Depths:3 | Identified the amulet "Omoalos" {RegenMP Int+6 Slay-5}
 52249 | Depths:3 | Identified the ring of Liatsoaq {rF+ Will+}
 52279 | Depths:3 | Got the Secrets of the Brume
 53095 | Depths:4 | Entered Level 4 of the Depths
 53216 | Depths:4 | Noticed Jory
 53240 | Depths:4 | Killed Jory
 53552 | Depths:4 | Identified the +2 helmet of Liberty {rN++ Int+3} (Okawaru
                  | gifted it to you on level 4 of the Depths)
 53552 | Depths:4 | Received a gift from Okawaru
 54408 | Depths:4 | Identified the ring of Akidgh {rPois Str+3 Dex+6}
 54969 | Depths:4 | Noticed a golden dragon
 54982 | Depths:4 | Killed a golden dragon
 55486 | Depths:4 | Found a gate to the Realm of Zot.
 55779 | Depths:4 | Reached skill level 27 in Armour
 55881 | Depths:4 | Noticed a golden dragon
 55897 | Depths:4 | Killed a golden dragon
 56337 | Depths:4 | Noticed a golden dragon
 56351 | Depths:4 | Killed a golden dragon
 56366 | Depths:4 | Noticed a golden dragon
 56382 | Depths:4 | Killed a golden dragon
 56474 | Depths:4 | Received a gift from Okawaru
 56870 | Vaults:5 | Entered Level 5 of the Vaults
 56881 | Vaults:5 | Reached XP level 23. HP: 179/248 MP: 32/32
 56889 | Vaults:4 | Received a gift from Okawaru
 57220 | Vaults:5 | Noticed an ancient lich
 57338 | Vaults:5 | Killed an ancient lich
 57403 | Arena    | Entered the Arena
 57456 | Arena    | Entered the Arena
 58302 | Vaults:5 | Reached skill level 1 in Dodging
 59185 | Vaults:5 | Got Sif Muna's Precepts of Evil Moulding
 59366 | Vaults:5 | Identified the +8 long sword "Xastri" {flame, rC++}
 59368 | Vaults:5 | Got a silver rune of Zot
 59419 | Vaults:5 | Acquired 637 gold pieces
 59711 | Elf:1    | Entered Level 1 of the Elven Halls
 59864 | Elf:1    | Noticed Kirke
 59871 | Elf:1    | Killed Kirke
 60064 | Elf:1    | Got the Precepts of Combat Magic
 60178 | Elf:1    | Found Onetzo Guleg's Book Emporium.
 60181 | Elf:1    | Found Huferegi's Jewellery Shop.
 60182 | Elf:1    | Found Natry's Book Emporium.
 60302 | Elf:1    | Found a runed translucent gate.
 60302 | Elf:1    | Found a runed translucent gate.
 60302 | Elf:1    | Found a runed translucent gate.
 60303 | Elf:1    | Noticed Pooter's ghost (adept MiBe)
 60786 | Elf:1    | Found a viscous altar of Jiyva.
 60849 | Elf:1    | Killed Pooter's ghost
 60896 | Elf:1    | Received a gift from Okawaru
 60965 | Elf:2    | Paralysed by an air elemental for 1 turns
 60970 | Elf:1    | Paralysed by an air elemental for 1 turns
 61095 | Elf:1    | Paralysed by an air elemental for 1 turns
 61100 | Elf:1    | Paralysed by an air elemental for 1 turns
 61612 | Arena    | Entered the Arena
 61655 | Elf:2    | Identified the +1 pair of gloves of Xiol {Dex+4} (Okawaru
                  | gifted it to you on level 2 of the Elven Halls)
 61655 | Elf:2    | Received a gift from Okawaru
 61685 | Elf:2    | Reached skill level 5 in Dodging
 61708 | Elf:2    | Reached XP level 24. HP: 89/262 MP: 32/32
 62071 | Elf:2    | Found a runed translucent gate.
 62072 | Elf:2    | Found a runed translucent gate.
 62073 | Elf:2    | Found a runed translucent gate.
 62780 | Elf:3    | Entered Level 3 of the Elven Halls
 62872 | Elf:3    | Found a runed translucent gate.
 62873 | Elf:3    | Found a runed translucent gate.
 62873 | Elf:3    | Found a runed translucent gate.
 62875 | Elf:3    | Noticed Zonian's ghost (adept VSBr)
 62893 | Elf:3    | Killed Zonian's ghost
 62941 | Elf:3    | Found Tuneocw's Antique Armour Boutique.
 63404 | Elf:3    | Identified the +2 shortbow of the Shark {heavy, rN+ Str+4
                  | Dex-3}
 64071 | Elf:3    | Received a gift from Okawaru
 64101 | Elf:3    | Identified the +6 falchion of Breach {venom, rN+ Stlth+}
 64149 | Elf:3    | Identified the +6 spear "Jelly's Peril" {venom, Str+8}
 64151 | Elf:3    | Identified the +2 battleaxe of Woe {pain, Dex+2}
 64668 | Elf:3    | Identified the +8 chain mail of Oradgh {rPois}
 64735 | Elf:3    | Found the +7 lajatang of Order {silver, rMut}
 64756 | Elf:3    | Got the Volume of Scorched Intoxication
 65205 | Zot:1    | Entered Level 1 of the Realm of Zot
 65464 | Vaults:2 | Bought a glimmering crystal plate armour for 3230 gold
                  | pieces
 65464 | Vaults:2 | Identified the +21 crystal plate armour "Put-Me-On"
                  | {Rampage rC+ rN+ Int+2} (You bought it in a shop on level 2
                  | of the Vaults)
 66234 | Zot:1    | You fall into a shaft and drop 1 floor!
 66679 | Zot:1    | Reached skill level 27 in Fighting
 67420 | Zot:1    | Reached skill level 15 in Unarmed Combat
 67635 | Zot:1    | Reached XP level 25. HP: 111/274 MP: 32/32
 68468 | Zot:3    | Identified the +8 sling of Distraction {elec, rC+ Dex+4
                  | SInv} (Okawaru gifted it to you on level 3 of the Realm of
                  | Zot)
 68468 | Zot:3    | Received a gift from Okawaru
 68591 | Zot:3    | Noticed a Killer Klown
 68639 | Zot:3    | Killed a Killer Klown
 69471 | Zot:3    | Reached skill level 10 in Dodging
 69475 | Zot:3    | Paralysed by a Zot trap for 5 turns
 69546 | Zot:3    | Identified the +2 broad axe "Ycemerax" {flame, rF+ Dex+4}
                  | (Okawaru gifted it to you on level 3 of the Realm of Zot)
 69546 | Zot:3    | Received a gift from Okawaru
 71346 | Zot:4    | Acquired 719 gold pieces
 71597 | Zot:4    | Found a transporter.
 72121 | Zot:5    | Entered Level 5 of the Realm of Zot
 72265 | Zot:5    | Noticed a Killer Klown
 72281 | Zot:5    | Killed a Killer Klown
 72750 | Zot:5    | Identified the +4 morningstar of Lies {freeze, Str+4}
                  | (Okawaru gifted it to you on level 5 of the Realm of Zot)
 72750 | Zot:5    | Received a gift from Okawaru
 72766 | Zot:5    | Noticed an ancient lich
 72789 | Zot:5    | Killed an ancient lich
 72807 | Zot:5    | Noticed a dread lich
 72828 | Zot:5    | Killed a dread lich
 72857 | Zot:5    | Noticed an ancient lich
 72863 | Zot:5    | Killed an ancient lich
 72875 | Zot:5    | Noticed an orb of fire
 72875 | Zot:5    | Gained mutation: You are vulnerable to heat. (rF-) [an orb
                  | of fire]
 72878 | Zot:5    | Gained mutation: You are very vulnerable to heat. (rF--)
                  | [an orb of fire]
 72878 | Zot:5    | Gained mutation: You occasionally lose the ability to drink
                  | potions when taking damage. [an orb of fire]
 72879 | Zot:5    | Gained mutation: You sometimes lose your temper in combat.
                  | [an orb of fire]
 72881 | Zot:5    | Gained mutation: You sometimes lose the ability to drink
                  | potions when taking damage. [an orb of fire]
 72888 | Zot:5    | Gained mutation: You occasionally shout uncontrollably at
                  | your foes. [an orb of fire]
 72888 | Zot:5    | Killed from afar by an orb of fire

Illustrated notes

Levels and vault maps discovered:
D:1:      roderic_lyre, layout_rooms, st_stairs_5, item_on_display_a
D:2:      layout_basic, guppyfry_early_orc_mine
D:3:      layout_loops_ring, mainiacjoe_overflow_surrounded_room,
          serial_bayou_lake_a, uniq_ijyb
D:4:      layout_loops_ring, nicolae_ru_the_path_less_chosen, bloody_trog,
          uniq_eustachio
D:5:      layout_cave_pools, serial_shops, nicolae_shop_behind_doors,
          gammafunk_ghost_icy, serial_park, serial_park_tiny_1,
          serial_park_tiny_1, serial_park_gazebo [serial_park_minivault_5x5_1],
          serial_park_square1 [serial_park_minivault_5x5_3], serial_park_square3
          [serial_park_minivault_5x5_8], kb_lookout_dungeons_type,
          grunt_decor_one_mirror, st_stairs_10
D:6:      layout_basic, minmay_temple_entry_mini_moons,
          chequers_serial_rivers_large_b, guppyfry_shop_venom, uniq_sigmund
D:7:      layout_loops_corners, led_sif_pool, tgw_fedhas
D:8:      layout_basic, minitemple, amcnicky_altar_gilded, enter_bailey_3,
          uniq_joseph, uniq_maggie, uniq_grum, uniq_gastronok, uniq_pikel
D:9:      layout_basic, erik_lair_orcish_takeover, serial_shops,
          nicolae_take_the_stairs, kennysheep_doodads, uniq_erica
D:10:     layout_layer_cave, dk_yredelemnul_ordeal, kennysheep_mini,
          enter_trove_5, due_unseen_surprise
D:11:     layout_rooms, hangedman_parallel_progression
D:12:     layout_gridville, orc_0_dummy, minivault_26
D:13:     layout_gridville, nicolae_shop_firing_range, uniq_urug
D:14:     layout_loops_ring, david_vaults_2, portal_ice_cave_entry_dragon,
          corexii_corridor_pit, kennysheep_generic_room_6
D:15:     grunt_enter_depths_snipers, layout_long_grid, serial_glass,
          glass_columns_b, glass_columns_a, glass_columns_c, glass_columns_a,
          glass_columns_b, glass_columns_a, glass_columns_a, glass_columns_a,
          minmay_crystal_water, drop_trap
Temple:   hellmonk_temple_divided_pantheon
Lair:1:   layout_big_grid, enter_volcano_2
Lair:2:   layout_gridlike, minmay_snake_entry_guardpost_large,
          chequers_serial_rivers_small_a
Lair:3:   layout_regular_city, minmay_shoals_entry_hut, serial_bayou_pond_c
Lair:4:   layout_regular_city, minmay_slime_entry_eyes,
          chequers_serial_rivers_micro_d, nicolae_quartered_pool_little,
          kennysheep_rathole, infiniplex_staircase_pool
Lair:5:   evilmike_catoblepas_cave, layout_cave_pods
Shoals:1: layout_shoals, serial_shops, nicolae_shop_trees,
          hangedman_shoals_cup_caves, uniq_mlioglotl
Shoals:2: layout_shoals, nicolae_shoals_enchanted_isle, uniq_ilsuiw
Shoals:3: layout_shoals
Shoals:4: shoals_end_simple, layout_shoals, serial_shops, shop, yaktaur_hedge,
          uniq_nikola
Snake:1:  layout_onion_interference
Snake:2:  layout_concentric_octagons, serial_shops, shop
Snake:3:  layout_onion, uniq_mara, uniq_aizul, uniq_azrael
Snake:4:  grunt_snake_rune_pools, layout_rooms, nicolae_snake_snakewalk
Orc:1:    layout_diamond_mine, serial_shops, shop
Orc:2:    grunt_orc_tribal_feast, layout_caves, serial_shops,
          nicolae_square_shop
Elf:1:    minmay_elf_arrival_circle, layout_loops_corners, gammafunk_ghost_ooze,
          minmay_elf_annihilation, minivault_27, minmay_shop_grove, uniq_kirke
Elf:2:    elven_hall_of_blades_hangedman_original [nicolae_blade_bullseye],
          layout_geoelf_diagonals, mu_enter_wizlab_5, evilmike_ambush
          [evilmike_ambush_outer_basic, evilmike_ambush_inner_basic]
Elf:3:    minmay_elf_hall_hex, layout_geoelf_grid, ebering_ghost_rock_garden,
          serial_shops, nicolae_shop_trees
Vaults:1: nicolae_vaults_network_square, vaults_room_grunt_arrival_ludios,
          nicolae_vaults_little_ls, nicolae_vaults_yaktaur_gun_rack,
          vaults_room_stairs_pillars, nicolae_vaults_ninety_degrees, v_misc_4,
          nicolae_vaults_shelves_hall, nicolae_vaults_what_the_h, v_misc_8,
          nicolae_vaults_little_squares_3, layout_vaults_omnigrid, serial_shops,
          nicolae_shop_advertising_works [nicolae_subvault_shop_adworks]
Vaults:2: hangedman_vaults_corner, v_misc_4, dpeg_vaults_pockets_of_resistance,
          vaults_room_grid, vaults_room_pool, v_misc_19, grunt_vaults_focal,
          hangedman_vaults_capsules, nicolae_vaults_windows_and_doors_thing,
          v_misc_3, vaults_mumra_hex, nicolae_vaults_big_angled_halls,
          vaults_room_stairs_pillars, layout_vaults_ring, serial_shops, shop,
          shop, nicolae_shop_hallway_plus
Vaults:3: vaults_standard_mumra_lines, nicolae_vaults_circle_grid_a,
          minmay_crypt_entry_necro_gods, v_rooms_5, v_alt_pattern_1,
          nicolae_vaults_bisected_slash, vaults_room_fancy_cross,
          vaults_room_large_hall, vaults_room_grid, nicolae_vaults_theta,
          nicolae_vaults_statue_guard, vaults_dpeg_emergency_exit,
          ontoclasm_vaults_shuriken, nicolae_vaults_theta,
          vaults_mumra_minichess, layout_vaults_big_room, uniq_margery
Vaults:4: st_smaller_cells, vaults_mumra_chevron_long,
          nicolae_vaults_little_squares_4, v_rooms_4, v_misc_11, v_misc_14,
          grunt_vaults_diagonal, nicolae_vaults_shelves_hall,
          dpeg_vaults_monster_box, v_misc_23, ontoclasm_vaults_ring_large,
          nicolae_vaults_sealed_display, vaults_dpeg_diagonal,
          layout_vaults_omnicross
Vaults:5
Depths:1: layout_cave_shapes, nicolae_hell_entry_big_baal_hell,
          minmay_misc_feat_cross, hangedman_abyss_entry_splay, tso_altar,
          minmay_shoptagon
Depths:2: nicolae_legendary_halls, layout_cave_shapes, enter_ziggurat_a,
          pan_entry, elyvilon_altar_1, hell_entry, nrook_mini_vaults
Depths:3: gold_lair_mu, layout_gridville, hell_entry, nicolae_water_bricks,
          abyss_entry_crystal, grunt_megastairs_1
Depths:4: lemuel_castle_with_subvaults [lemuel_castle_interior_carwin_3],
          layout_gridlike, grunt_hell_horde, serial_glass, glass_columns_b,
          glass_columns_a, minmay_strange_pillars, due_unseen_surprise,
          minmay_strange_pillars, minmay_strange_pillars, uniq_jory
Zot:1:    layout_gridlike
Zot:2:    layout_misc_corridors
Zot:3:    layout_misc_corridors, zot_minivault_1
Zot:4:    layout_cathedral_of_symmetry, hangedman_zot_decor_tridents,
          nicolae_diode_basic
Zot:5:    layout_basic

Skill      XL: |  1  2  3  4  5  6  7  8  9 10 11 12 13 14 15 16 17 18 19 20 21 22 23 24 25 |
---------------+----------------------------------------------------------------------------+-----
Maces & Flails | 2 3 4 5 6 7 9 11 12 | 12.0
Fighting       | 3 4 5 7 9 11 13 14 17 18 20 21 22 24 26 27 | 27.0
Armour         | 4 6 9 10 12 16 19 21 23 25 27 | 27.0
Invocations    | 4 7 9 11 12 | 12.5
Shields        | 5 7 10 12 15 16 18 19 20 21 | 21.9
Unarmed Combat | 4 8 10 12 15 16 | 16.9
Dodging        | 5 8 11 | 11.7

Action                   |  1- 3 |  4- 6 |  7- 9 | 10-12 | 13-15 | 16-18 | 19-21 | 22-24 | 25-27 || total
-------------------------+-------+-------+-------+-------+-------+-------+-------+-------+-------++-------
Melee: Flail             |   135 |   185 |    34 |       |       |       |       |       |       ||   354
       Tailslap          |     8 |    28 |    59 |   193 |   370 |   462 |   689 |   447 |   222 ||  2478
       Whip              |       |       |   318 |  1046 |  1795 |  2187 |  1954 |       |       ||  7300
       Demon whip        |       |       |       |       |       |       |   355 |  1992 |   753 ||  3100
Throw: Javelin           |       |       |       |       |       |     5 |     6 |       |     6 ||    17
       Throwing net      |       |       |       |       |       |       |       |     1 |       ||     1
Invok: Heroism           |       |       |     2 |     3 |     4 |     5 |     6 |     1 |       ||    21
       Finesse           |       |       |       |     3 |     4 |     5 |    10 |     4 |     1 ||    27
       Duel              |       |       |       |       |       |     2 |     5 |     3 |       ||    10
Evoke: Wand              |       |       |     2 |     3 |       |       |     2 |     2 |       ||     9
  Use: Scroll            |     2 |       |     6 |     3 |    10 |     8 |     6 |    12 |     9 ||    56
       Potion            |       |       |     3 |       |       |       |     6 |    17 |       ||    26
 Stab: Invisible         |       |       |     2 |       |       |       |       |       |       ||     2
Armor: Scale mail        |    12 |       |       |       |       |       |       |       |       ||    12
       Chain mail        |   101 |    96 |    51 |       |       |       |       |       |       ||   248
       Skin              |     3 |       |       |       |       |       |       |       |       ||     3
       Plate armour      |       |       |    44 |   236 |   508 |       |       |       |       ||   788
       Crystal plate arm |       |       |       |       |    96 |   592 |   775 |   266 |   402 ||  2131
       Gold dragon scale |       |       |       |       |       |       |       |   781 |       ||   781
Dodge: Dodged            |    56 |    45 |    27 |    31 |    58 |    49 |   105 |   146 |    69 ||   586
Block: Buckler           |    59 |    91 |    23 |       |       |       |       |       |       ||   173
       Reflection        |     1 |       |    12 |    10 |    61 |   167 |    65 |   137 |     8 ||   461
       Tower shield      |       |       |   213 |   711 |  1277 |  1757 |  1671 |  1803 |   630 ||  8062
       Kite shield       |       |       |     4 |       |       |       |       |       |       ||     4

Table legend: (Time is in decaauts)
 A = Elapsed time spent in this place.
 B = Non-inter-level travel time spent in this place.
 C = Inter-level travel time spent in this place.
 D = Time resting spent in this place.
 E = Time spent auto-exploring this place.
 F = Levels seen in this place.
 G = Mean time per level.
                   A        B        C        D        E       F      G
               +--------+--------+--------+--------+--------+-----+--------+
         Total |  68941 |  64218 |   4723 |  15712 |  33846 |  59 | 1168.5 |
       Dungeon |  17084 |  15054 |   2030 |   1547 |  10411 |  15 | 1138.9 |
        Temple |     59 |     38 |     21 |      0 |      2 |   1 |   59.0 |
          Lair |   5265 |   4937 |    328 |    217 |   3422 |   5 | 1053.0 |
        Shoals |   5575 |   5401 |    174 |   1130 |   3075 |   4 | 1393.8 |
     Snake Pit |   6122 |   6002 |    120 |   2032 |   2667 |   4 | 1530.5 |
  Orcish Mines |   1808 |   1636 |    172 |      5 |   1268 |   2 |  904.0 |
   Elven Halls |   4918 |   4619 |    299 |   1332 |   2295 |   3 | 1639.3 |
        Vaults |  11275 |  10587 |    688 |   4177 |   4199 |   5 | 2255.0 |
        Depths |   8495 |   7717 |    778 |   2328 |   3675 |   4 | 2123.8 |
           Zot |   6763 |   6654 |    109 |   2666 |   2061 |   5 | 1352.6 |
      Ice Cave |   1460 |   1460 |      0 |    260 |    771 |   1 | 1460.0 |
         Arena |    112 |    112 |      0 |     15 |      0 |  10 |   11.2 |
               +--------+--------+--------+--------+--------+-----+--------+

Top non-repeatable levels by time:
Vaults:4: 3493 daAuts
Vaults:1: 2745 daAuts
Depths:4: 2671 daAuts
Depths:3: 2523 daAuts
 Snake:4: 2383 daAuts
Vaults:2: 2173 daAuts
   Elf:3: 1997 daAuts
    D:14: 1902 daAuts
Depths:1: 1819 daAuts
 Snake:3: 1785 daAuts
   Zot:3: 1765 daAuts
Vaults:3: 1711 daAuts
   Zot:1: 1689 daAuts
   Zot:4: 1686 daAuts
   Elf:1: 1674 daAuts
